 Dungeon Crawl Stone Soup version 0.28.0-45-g0d030f2227 (webtiles) character file.

Game seed: 7781846814008724645

743 Revguard the Ruffian (level 7, -2/70 HPs)
             Began as a Troll Monk on Mar 30, 2022.
             Was a Believer of Wu Jian.
             Slain by a gnoll
             ... wielding a +0 spear
              (4 damage)
             ... on level 5 of the Dungeon.
             The game lasted 00:11:45 (3751 turns).

Revguard the Ruffian (Troll Monk)                   Turns: 3751, Time: 00:11:46

Health: -2/70      AC:  5    Str: 20    XL:     7   Next: 47%
Magic:  6/6        EV: 11    Int:  6    God:    Wu Jian [**....]
Gold:   312        SH:  0    Dex: 14    Spells: 6/6 levels left

rFire   . . .      SeeInvis .     - Unarmed
rCold   . . .      Faith    .   (no shield)
rNeg    . . .      Spirit   .   a - +0 robe
rPois   .          Reflect  .   (helmet restricted)
rElec   .          Harm     .   d - +0 cloak
rCorr   .          Rampage  .   (gloves unavailable)
Will    .....                   (boots unavailable)
Stlth   ++........              (no amulet)
HPRegen 1.01/turn               (no ring)
MPRegen 0.10/turn               (no ring)

@: no status effects
A: large, unfitting armour, claws 3, regeneration 1, shaggy fur 1, tough skin 1
a: Renounce Religion, Wall Jump


You were on level 5 of the Dungeon.
You worshipped Wu Jian.
Wu Jian was pleased with you.
You visited 2 branches of the dungeon, and saw 6 of its levels.

You collected 312 gold pieces.

Inventory:

Missiles
 e - a throwing net (quivered)
Armour
 a - a +0 robe (worn)
 d - a +0 cloak (worn)
Wands
 b - a wand of iceblast (8)
 h - a wand of flame (5)
 m - a wand of paralysis (15)
Scrolls
 c - a scroll of fear
 g - 2 scrolls of teleportation
 i - a scroll of silence {unknown}
 k - a scroll of amnesia
Potions
 f - a potion of attraction
 j - 2 potions of curing
 n - 2 potions of brilliance {unknown}
Miscellaneous
 l - a box of beasts (inert)


   Skills:
 + Level 4.1 Fighting
 + Level 3.0 Armour
 + Level 4.0 Dodging
 - Level 1.0 Stealth
 + Level 4.8 Unarmed Combat
 + Level 1.7 Evocations


You had 6 spell levels left.
You didn't know any spells.
Your spell library contained the following spells:

 Spells                   Type           Power      Damage    Failure   Level
 Animate Skeleton         Necr           0%         N/A       45%         1
 Apportation              Tloc           0%         N/A       45%         1
 Summon Small Mammal      Summ           0%         N/A       45%         1
 Conjure Flame            Conj/Fire      0%         6-21      83%         3
 Ignite Poison            Fire/Tmut/Pois 0%         N/A       83%         3
 Sticky Flame             Conj/Fire      0%         2d3       99%         4
 Summon Ice Beast         Ice/Summ       0%         N/A       99%         4
 Alistair's Intoxication  Tmut/Pois      0%         N/A       100%        5
 Summon Mana Viper        Hex/Summ       0%         N/A       100%        5
 Monstrous Menagerie      Summ           0%         N/A       100%        7


Dungeon Overview and Level Annotations

Branches:
Dungeon (5/15)             Temple (1/1) D:4

Altars:
Ashenzari
Cheibriados
Dithmenos
Elyvilon
Fedhas
Gozag
Hepliaklqana
Makhleb
Nemelex Xobeh
Okawaru
Qazlal
Ru
Sif Muna
Trog
Uskayaw
Vehumet
Wu Jian
Xom
Yredelemnul
Zin
The Shining One

Shops:
D:3 *


Innate Abilities, Weirdness & Mutations

You are too large for most types of armour.
You have claws for hands.
Your natural rate of healing is unusually fast.
You are covered in fur. (AC +1)
You have tough skin. (AC +1)


Message History

You lunge at the gnoll sergeant.
You mangle the gnoll sergeant!!
The gnoll sergeant is severely wounded.
The gnoll sergeant closely misses you.
You spin and attack the gnoll sergeant.
You scratch the gnoll sergeant but do no damage.
The gnoll sergeant is severely wounded.
The gnoll sergeant misses you.
You spin and attack the gnoll sergeant repeatedly.
You scratch the gnoll sergeant.
You kill the gnoll sergeant!
The Council accepts your kill.
Your Armour skill increases to level 3!
You claw the gnoll!
You kill the gnoll!
The Council accepts your kill.
Your Dodging skill increases to level 4!
You lunge at the gnoll.
You claw the gnoll!
The gnoll is severely wounded.
The gnoll hits you with a +0 flail.
The gnoll hits you from afar with a +0 spear.
* * * LOW HITPOINT WARNING * * *
Items here: ( )) [[ †.
You barely miss the gnoll. You claw the gnoll.
You kill the gnoll!
The Council accepts your kill.
The gnoll hits you from afar with a +0 spear.
* * * LOW HITPOINT WARNING * * *
You lunge at the gnoll.
You scratch the gnoll but do no damage. The gnoll hits you with a +0 spear.
* * * LOW HITPOINT WARNING * * *
The gnoll hits you but does no damage.
You see here a +0 flail.
You scratch the gnoll.
The gnoll is heavily wounded.
The gnoll hits you with a +0 spear.
* * * LOW HITPOINT WARNING * * *
The gnoll hits you from afar with a +0 spear!
* * * LOW HITPOINT WARNING * * *
The gnoll hits you from afar with a +0 spear.
You die...

####..............#
................###
#.....)......#####
###....)............
≈≈≈≈≈.......##..#####
≈≈##≈.....<.##..#####
### ##≈..[..#.##.......
#...#≈≈#...##.##..#####
#$.gg)@...........#
#...#≈≈...........# ###
##≈#..###.#####
#≈.......#
≈≈≈≈≈≈#..#####
####.##..# #.##..#
#.##..# ######.##..#


You could see 2 gnolls.

Vanquished Creatures
  An ogre (D:4)
  2 scorpions (D:4)
  A wyvern zombie (D:4)
  A gnoll sergeant (D:5)
  2 hounds
  A jelly (D:5)
  A centaur skeleton (D:4)
  7 gnolls
  4 adders
  A shadow imp (D:5)
  An ufetubus (D:5)
  An adder skeleton (D:4)
  A dart slug (D:2)
  7 orcs
  6 ball pythons
  9 endoplasms
  A giant cockroach (D:1)
  9 goblins
  9 hobgoblins
  9 jackals
  3 quokkas
  A bat (D:1)
  5 frilled lizards
  13 kobolds
  4 rats
100 creatures vanquished.

Vanquished Creatures (collateral kills)
  An orc warrior (D:5)
1 creature vanquished.

Vanquished Creatures (others)
  A plant (D:4)
1 creature vanquished.

Grand Total: 102 creatures vanquished

Notes
Turn   | Place    | Note
-------+----------+-------------------------------------------
     0 | D:1      | Revguard the Troll Monk began the quest for the Orb.
     0 | D:1      | Reached XP level 1. HP: 22/22 MP: 0/0
    72 | D:1      | Reached XP level 2. HP: 21/29 MP: 1/1
   140 | D:1      | Reached XP level 3. HP: 30/36 MP: 2/2
   196 | D:1      | Reached skill level 1 in Armour
   972 | D:2      | Reached XP level 4. HP: 44/45 MP: 3/3
  1529 | D:3      | Found Zuabooc's General Store.
  2113 | D:4      | Reached XP level 5. HP: 50/53 MP: 4/4
  2246 | D:4      | Found a staircase to the Ecumenical Temple.
  2292 | Temple   | Entered the Ecumenical Temple
  2515 | Temple   | Became a worshipper of the Wu Jian Council
  2515 | Temple   | Reached * piety under Wu Jian
  2515 | Temple   | Reached ** piety under Wu Jian
  2576 | D:4      | Reached XP level 6. HP: 58/61 MP: 5/5
  2725 | D:4      | Reached skill level 1 in Evocations
  3114 | D:5      | Entered Level 5 of the Dungeon
  3126 | D:5      | Reached XP level 7. HP: 62/68 MP: 6/6
  3750 | D:5      | HP: 1/70 [gnoll/+0 spear (8)]
  3751 | D:5      | Slain by a gnoll

Illustrated notes

Levels and vault maps discovered:
D:1:      dpeg_arrival_tiny_f, layout_basic, minmay_vboxes
D:2:      layout_rooms
D:3:      minmay_skewed_foursquare, layout_basic, serial_shops,
          nicolae_shop_crystal
D:4:      layout_gridville, minmay_temple_entry_gardened_gates, minivault_1
D:5:      layout_loops_ring, mainiacjoe_overflow_surrounded_room,
          lightli_minifort
Temple:   mainiacjoe_temple_archimedes_tessellation

Skill      XL: |  1  2  3  4  5  6  7 |
---------------+----------------------+-----
Armour         | 1 2 3 |  3.0
Fighting       | 3 4 |  4.1
Dodging        | 3 4 |  4.0
Unarmed Combat | 4 |  4.8
Evocations     | 1 |  1.7
Stealth        | |  1.0

Action                   |  1- 3 |  4- 6 |  7- 9 || total
-------------------------+-------+-------+-------++-------
Melee: Unarmed           |   107 |   112 |    39 ||   258
       Punch             |     1 |     2 |     3 ||     6
Invok: Whirlwind         |       |    30 |     7 ||    37
       Lunge             |       |     7 |     8 ||    15
 Abil: Wall Jump         |       |     1 |     2 ||     3
Evoke: Wand              |       |       |     1 ||     1
       Box of beasts     |       |       |     1 ||     1
  Use: Scroll            |       |     9 |       ||     9
       Potion            |       |     1 |     1 ||     2
 Stab: Sleeping          |     2 |     5 |     1 ||     8
Armor: Robe              |    46 |    26 |     5 ||    77
Dodge: Dodged            |    65 |    55 |    16 ||   136
